 Dungeon Crawl Stone Soup version 0.31-a0-188-g5e087ee2ca (webtiles) character file.

Game seed: 12311505847611521206

226 qw the Skirmisher (level 5, 0/29 HPs)
             Began as a Deep Elf Hunter on June 23, 2023.
             Succumbed to Sigmund's poison
             ... on level 2 of the Dungeon.
             The game lasted 00:00:22 (1020 turns).

qw the Skirmisher (Deep Elf Hunter)                 Turns: 1020, Time: 00:00:23

Health: 0/29       AC:  5    Str: 10    XL:     5   Next: 69%
Magic:  7/7        EV: 11    Int: 14    God:
Gold:   98         SH:  0    Dex: 18    Spells: 4/4 levels left

rFire   . . .        Y - +1 shortbow
rCold   . . .        (shield currently unavailable)
rNeg    . . .        e - +0 ring mail
rPois   .            (no helmet)
rElec   .            (no cloak)
rCorr   .            (no gloves)
SInv    .            (no boots)
Will    .....        (no amulet)
Stlth   +            (no ring)
HPRegen 0.24/turn    (no ring)
MPRegen 0.10/turn

%: no passive effects
@: lethally poisoned (0 -> -1)
A: no striking features
a: no special abilities


You were on level 2 of the Dungeon.
You visited 1 branch of the dungeon, and saw 2 of its levels.

You collected 98 gold pieces.


   Skills:
 + Level 1.5 Fighting
 - Level 9.3 Ranged Weapons
 - Level 2.4 Dodging
 - Level 1.2 Stealth


You had 4 spell levels left.
You didn't know any spells.
Your spell library was empty.

Inventory:

Hand Weapons
 Y - a +1 shortbow (weapon)
Armour
 e - a +0 ring mail (worn)
Scrolls
 a - a scroll of teleportation
 b - 2 scrolls of identify
Potions
 h - a potion of curing {unknown}

Dungeon Overview and Level Annotations

Branches:
Dungeon (2/15)

Altars:


Message History

Enter note:
Enter note: You shoot an arrow.
The arrow closely misses Sigmund.
Sigmund misses you.
You shoot an arrow. The arrow hits Sigmund!
Sigmund is moderately wounded.
You shoot an arrow. The arrow hits Sigmund.
Sigmund is moderately wounded.
Sigmund gestures wildly while chanting.
Sigmund flickers and vanishes!
Deactivating autopickup; reactivate with Ctrl-A.
You shoot an arrow. Something hits you.
You are lethally poisoned!
You shoot an arrow.
You feel very sick.
You hear some strange, mumbled words.
Something tries to affect you, but you resist.
You shoot an arrow.
Reactivating autopickup.
You feel a bit more experienced.
You feel very sick.
Your Ranged Weapons skill gained 2 levels and is now at level 9!
You have reached level 4!
You feel clever.
You have reached level 5!
There is a lethal amount of poison in your body!
You feel sick.
There is a lethal amount of poison in your body!
You feel sick.
There is a lethal amount of poison in your body!
You feel sick.
There is a lethal amount of poison in your body!
You feel sick.
There is a lethal amount of poison in your body!
You feel sick.
There is a lethal amount of poison in your body!
You feel sick.
There is a lethal amount of poison in your body!
You feel sick.
There is a lethal amount of poison in your body!
You die...

###### #... .....#
##### #.## .....#
######...# #.## .....#
##........+..# #.##
.....# #....$#...##.#
#.# .....#
#.....#...##.# ##.#
.....# #.....#...##.#
###..## .....#
#.....#...##.# #......
.....#
#.(...@..###.####..###.
.....#
#.....##.###.........#.
###### #....)
#.#...#######.#. ######
#...#.# #..<..
#..##.#####'####
#..##.#.........
...###.#......... .##.#
#.'......... # #.#
###.........


There were no monsters in sight!

Vanquished Creatures
  Sigmund (D:2)
  Terence (D:2)
  An adder (D:2)
  2 worms (D:2)
  A dart slug (D:1)
  A bat (D:1)
  An endoplasm (D:1)
  A goblin (D:1)
  2 hobgoblins
  2 jackals (D:1)
  A ball python (D:1)
  A frilled lizard (D:1)
  2 kobolds (D:1)
  2 rats (D:1)
19 creatures vanquished.

Notes
Turn   | Place    | Note
-------+----------+-------------------------------------------
     0 | D:1      | qw the Deep Elf Hunter began the quest for the Orb.
     0 | D:1      | Reached XP level 1. HP: 12/12 MP: 3/3
     0 | D:1      | 0 ||| qw: Version: 0.3-a-9-g12657ce
     0 | D:1      | 0 ||| qw: Game counter: 3778
     0 | D:1      | 0 ||| qw: Always use a shield: true
     0 | D:1      | 0 ||| qw: God list: Okawaru
     0 | D:1      | 0 ||| qw: Allow faded altars: false
     0 | D:1      | 0 ||| qw: Do Orc after D:15 true
     0 | D:1      | 0 ||| qw: Do second Lair branch before Depths: true
     0 | D:1      | 0 ||| qw: Lair rune preference: random
     0 | D:1      | 0 ||| qw: Plans: Normal
     0 | D:1      | 0 ||| PLANNING D:1-11
   191 | D:1      | Reached XP level 2. HP: 12/16 MP: 4/4
   212 | D:1      | Reached skill level 6 in Ranged Weapons
   603 | D:1      | 603 ||| UPGRADING to +0 ring mail.
   613 | D:1      | 613 ||| DROPPING +0 leather armour.
   614 | D:1      | 614 ||| DROPPING +6 ring of intelligence.
   615 | D:1      | 615 ||| READING scroll labelled FEQEUF BATH.
   616 | D:1      | 616 ||| READING scroll labelled TUPSUY LADGHO.
   619 | D:1      | 619 ||| READING scroll labelled YRGHUT JUSECO.
   620 | D:1      | 620 ||| READING scroll labelled WISTAPLOARPH.
   721 | D:1      | 721 ||| DROPPING scroll of butterflies.
   813 | D:2      | Reached XP level 3. HP: 20/20 MP: 5/5
   821 | D:2      | Noticed Terence
   840 | D:2      | Killed Terence
   841 | D:2      | Reached skill level 7 in Ranged Weapons
   844 | D:2      | HP: 4/20 [hobgoblin (3)]
  1006 | D:2      | Noticed Sigmund
  1012 | D:2      | Killed Sigmund
  1013 | D:2      | Reached skill level 9 in Ranged Weapons
  1013 | D:2      | Reached XP level 4. HP: 8/25 MP: 6/6
  1013 | D:2      | Reached XP level 5. HP: 9/29 MP: 7/7
  1013 | D:2      | HP: 7/29 [poisoned by Sigmund]
  1016 | D:2      | HP: 3/29 [poisoned by Sigmund]
  1018 | D:2      | HP: 1/29 [poisoned by Sigmund]
  1020 | D:2      | Succumbed to Sigmund's poison

Levels and vault maps discovered:
D:1:      minmay_arrival_five_plusses, layout_loops_ring
D:2:      layout_basic, chequers_serial_rivers_micro_e, uniq_terence,
          uniq_sigmund

Skill      XL: |  1  2  3 |
---------------+----------+-----
Ranged Weapons | 6 9 |  9.3
Fighting       | |  1.5
Dodging        | |  2.4
Stealth        | |  1.2

Action                     |  1- 3 |  4- 6 || total
---------------------------+-------+-------++-------
   Fire: Shortbow          |    84 |       ||    84
    Use: Scroll            |     4 |       ||     4
 Armour: Leather armour    |     7 |       ||     7
         Ring mail         |     3 |       ||     3
  Dodge: Dodged            |    31 |       ||    31

Table legend:
 A = Non-vault XP
 B = Vault XP
 C = Vault XP percentage of total XP
 D = Non-vault monster count
 E = Vault monster count
 F = Vault count percentage of total count
                 A         B        C        D         E       F
            +---------+---------+-------+---------+---------+-------
      Total |      49 |     275 |  84.9 |      17 |       2 |  10.5
            +---------+---------+-------+---------+---------+-------
        D:1 |      23 |       0 |   0.0 |      13 |       0 |   0.0
        D:2 |      26 |     275 |  91.4 |       4 |       2 |  33.3
            +---------+---------+-------+---------+---------+-------
